 Dungeon Crawl Stone Soup version 0.29-a0-283-ga02f740833 (webtiles) character file.

Game seed: 18391116590758888172

32 Dabor the Skirmisher (level 3, 0/24 HPs)
             Began as a Gargoyle Fighter on Mar 13, 2022.
             Slain by Jessica
             ... wielding a +2 dagger of venom
              (7 damage)
             ... on level 2 of the Dungeon.
             The game lasted 00:01:10 (1140 turns).

Dabor the Skirmisher (Gargoyle Fighter)             Turns: 1140, Time: 00:01:10

Health: 0/24       AC: 10    Str: 21    XL:     3   Next: 27%
Magic:  3/3        EV:  9    Int:  8    God:
Gold:   46         SH:  4    Dex:  9    Spells: 2/2 levels left

rFire   . . .      SeeInvis .   a - +0 flail
rCold   . . .      Faith    .   c - +0 buckler
rNeg    + . .      Spirit   .   b - +0 scale mail
rPois   ∞          Reflect  .   (no helmet)
rElec   +          Harm     .   (no cloak)
rCorr   .          Rampage  .   (no gloves)
Will    .....                   (no boots)
Stlth   ..........              (no amulet)
HPRegen 0.08/turn               (no ring)
MPRegen 0.08/turn               (no ring)

@: no status effects
A: sickness immunity, AC +3, negative energy resistance 1, electricity
resistance, torment resistance 1, petrification resistance
a: no special abilities


You were on level 2 of the Dungeon.
You visited 1 branch of the dungeon, and saw 2 of its levels.

You collected 46 gold pieces.

Inventory:

Hand Weapons
 a - a +0 flail (weapon)
Armour
 b - a +0 scale mail (worn)
 c - a +0 buckler (worn)
Jewellery
 h - a +4 ring of evasion
Scrolls
 e - a scroll of enchant weapon {unknown}
 f - a scroll of identify {unknown}
 g - a scroll of vulnerability {unknown}
 i - a scroll of fog {unknown}
Potions
 d - a potion of might
 j - a potion of heal wounds {unknown}


   Skills:
 + Level 3.7 Fighting
 + Level 2.4 Maces & Flails
 + Level 3.6 Armour
 + Level 3.6 Shields


You had 2 spell levels left.
You didn't know any spells.
Your spell library was empty.

Dungeon Overview and Level Annotations

Branches:
Dungeon (2/15)

Altars:

Shops:
D:2 *

Annotations:
D:2 Jessica


Innate Abilities, Weirdness & Mutations

You are immune to sickness and miasma.
Your stone body is resilient. (AC +3)
You are immune to poison.
You resist negative energy. (rN+)
You are resistant to electric shocks. (rElec)
You are resistant to unholy torment.
You are immune to petrification.


Message History

You hit Jessica.
Jessica is almost dead.
Jessica hits you with a +2 dagger of venom.
Jessica points at you and mumbles some strange words.
Pain shoots through your body!
You barely miss Jessica.
Jessica is almost dead.
Jessica hits you but does no damage. x2
You hit Jessica.
Jessica is almost dead.
Jessica mumbles some strange words.
Jessica blinks!
Jessica gestures wildly while chanting.
Jessica blinks!
You closely miss Jessica.
Jessica is almost dead.
Jessica hits you but does no damage. Jessica closely misses you.
You barely miss Jessica.
Jessica is almost dead.
Jessica barely misses you. Jessica closely misses you.
You closely miss Jessica.
Jessica is almost dead.
Jessica gestures at you while chanting. You resist with some effort.
You barely miss Jessica.
Jessica is almost dead.
Jessica hits you but does no damage. You block Jessica's attack.
You barely miss Jessica.
Jessica is almost dead.
Jessica barely misses you.
Jessica shouts, "You are a ghastly nuisance!"
Jessica points at you and mumbles some strange words.
You barely resist.
Jessica points at you and mumbles some strange words.
Pain shoots through your body!
* * * LOW HITPOINT WARNING * * *
You barely miss Jessica.
Jessica is almost dead.
Jessica hits you with a +2 dagger of venom!
You die...

#####
#############......
...........@.......
####...∩..@.#####
##.########
##...#...#
##.#.#....###
#####.##.........
#.........†......
#.###.##.........
##.#<#.......


You could see Jessica (fast).

Vanquished Creatures
  5 ball pythons (D:1)
  2 endoplasms (D:1)
  2 giant cockroaches (D:1)
  4 goblins (D:1)
  2 hobgoblins
  4 jackals (D:1)
  A quokka (D:1)
  4 bats (D:1)
  3 frilled lizards
  A rat (D:1)
28 creatures vanquished.

Notes
Turn   | Place    | Note
-------+----------+-------------------------------------------
     0 | D:1      | Dabor the Gargoyle Fighter began the quest for the Orb.
     0 | D:1      | Reached XP level 1. HP: 14/14 MP: 1/1
   305 | D:1      | Reached XP level 2. HP: 18/19 MP: 2/2
   770 | D:1      | Reached XP level 3. HP: 23/23 MP: 3/3
  1122 | D:2      | Found Maexej's Assorted Antiques.
  1125 | D:2      | Noticed Jessica
  1140 | D:2      | Slain by Jessica

Illustrated notes

Levels and vault maps discovered:
D:1:      dpeg_arrival_castle, layout_basic
D:2:      layout_loops_ring, serial_shops, shop, shapermc_ecumenical_altar_venn,
          uniq_natasha, uniq_terence, uniq_jessica

Action                   || total
-------------------------++-------
Melee: Flail             ||    85
Armor: Scale mail        ||    50
Dodge: Dodged            ||    48
Block: Buckler           ||    17

Table legend: (Time is in decaauts)
 A = Elapsed time spent in this place.
 B = Non-inter-level travel time spent in this place.
 C = Inter-level travel time spent in this place.
 D = Time resting spent in this place.
 E = Time spent auto-exploring this place.
 F = Levels seen in this place.
 G = Mean time per level.
                   A        B        C        D        E       F      G
               +--------+--------+--------+--------+--------+-----+--------+
         Total |   1169 |   1157 |     12 |      0 |    966 |   2 |  584.5 |
       Dungeon |   1169 |   1157 |     12 |      0 |    966 |   2 |  584.5 |
               +--------+--------+--------+--------+--------+-----+--------+

Top non-repeatable levels by time:
     D:1: 1129 daAuts
     D:2: 39 daAuts
